WCHLSIM.com - West Coast Hockey League
html PUBLIC "-//W3C//DTD XHTML 1.0 Transitional//EN" "http://www.w3.org/TR/xhtml1/DTD/xhtml1-transitional.dtd"> WCHL - Game 1002 - SALEM BLACK JAYS vs BANFF WOLVES

SALEM BLACK JAYS vs BANFF WOLVES

Created - 11 mars 2024 at 20:25

Goals
1 2 3 T
SALEM BLACK JAYS 0 0 0 0
BANFF WOLVES 1 1 0 2
Shots
1 2 3 T
SALEM BLACK JAYS 5 8 6 19
BANFF WOLVES 11 7 7 25

1st period

1. BANFF WOLVES , Miro Heiskanen 9 (Mats Zuccarello 38) at 8:21

Penalties :
Josh Archibald (SAL) for Hooking (Minor) at 3:34

2nd period

2. BANFF WOLVES , Adam Henrique 12 (Quinton Hughes 46, Mikael Backlund 22) at 2:43

Penalties :
Nick Leddy (BAN) for Holding (Minor) at 6:31

3rd period

No Goal

Penalties :
Jason Dickinson (BAN) for Roughing (Double Minor) at 1:25, Martin Necas (SAL) for Cross-checking (Minor) at 9:44, Cody Ceci (SAL) for Hooking (Minor) at 12:19, Nick Jensen (SAL) for Hooking (Minor) at 14:43

Goalie Stats

Juuse Saros (SAL), 23 saves from 25 shots - (0,920), L, 40-15-5, 60:00 minutes
Jordan Binnington (BAN), 19 saves from 19 shots - (1,000), W, 28-8-4, 60:00 minutes

Players Stats for SALEM BLACK JAYS

Player Name              G  A  P  +/- PIM S  H  SB GA TA FO     MP     PP MP  PK MP  
------------------------------------------------------------------------------------
Barrett Hayton           0  0  0   0  0   3  1  0  0  0  1/1    19:23   2:56   0:00 
Cody Ceci                0  0  0   0  2   1  0  3  0  0  0/0    18:56   2:32   3:23 
Colin Miller             0  0  0   0  0   0  2  2  0  0  0/0    14:28   0:00   1:49 
Daniel Sprong            0  0  0  -2  0   0  0  0  0  0  0/0    15:27   2:20   0:00 
Dylan Cozens             0  0  0   0  0   0  0  0  0  0  2/7    15:34   0:42   0:00 
Dylan Larkin             0  0  0   0  0   1  1  0  0  0  18/26  24:17   2:56   4:28 
Josh Archibald           0  0  0   0  2   0  1  0  0  0  0/1    15:31   0:00   0:00 
Josh Brown               0  0  0  -2  0   0  1  0  0  0  0/0     6:53   0:00   0:09 
Joshua Morrissey         0  0  0   0  0   3  1  0  0  0  0/0    21:39   3:21   3:26 
Marcus Bjork             0  0  0  -2  0   0  1  0  0  0  0/0     6:44   0:00   0:00 
Martin Necas             0  0  0  -2  2   1  2  1  0  0  2/17   18:21   3:02   2:50 
Mathew Barzal            0  0  0  -2  0   3  2  0  0  0  0/0    19:48   3:02   3:38 
Matt Benning             0  0  0   0  0   0  2  2  0  0  0/0    12:46   0:05   0:00 
Maxime Comtois           0  0  0   0  0   2  0  0  0  0  1/1    16:34   0:00   0:38 
Mitchell Marner          0  0  0   0  0   5  0  0  0  0  5/12   23:43   2:56   4:18 
Nick Jensen              0  0  0   0  2   0  1  1  0  0  0/0    20:33   3:21   2:35 
Scott Mayfield           0  0  0   0  0   0  1  1  0  0  0/0    19:32   2:37   4:30 
Theodor Blueger          0  0  0   0  0   0  0  1  0  0  5/7     1:51   0:00   0:00 

Players Stats for BANFF WOLVES

Player Name              G  A  P  +/- PIM S  H  SB GA TA FO     MP     PP MP  PK MP  
------------------------------------------------------------------------------------
Adam Henrique            1  0  1   1  0   2  0  0  0  0  0/0    10:31   0:00   0:03 
Artemi Panarin           0  0  0   1  0   2  1  0  0  0  3/7    22:12   3:37   3:28 
Cam Fowler               0  0  0   1  0   1  1  0  0  0  0/0    20:06   4:02   2:44 
Eric Staal               0  0  0   0  0   2  0  0  0  0  3/5     9:46   0:00   0:00 
Ian Cole                 0  0  0   0  0   0  1  1  0  0  0/0    11:48   0:00   0:00 
Jason Dickinson          0  0  0   0  4   2  0  0  0  0  1/2     7:12   0:00   0:00 
Joel Eriksson Ek         0  0  0   0  0   4  1  2  0  0  10/22  20:04   4:19   2:27 
Marc Staal               0  0  0   0  0   0  0  0  0  0  0/0     4:25   0:00   0:00 
Mats Zuccarello          0  1  1   2  0   2  1  0  0  0  1/2    29:50   3:37   3:28 
Mikael Backlund          0  1  1   1  0   1  0  0  0  0  5/12   10:31   0:00   0:00 
Miro Heiskanen           1  0  1   1  0   2  0  0  0  0  0/0    23:41   3:54   3:14 
Nick Leddy               0  0  0   0  2   1  0  0  0  0  0/0    11:47   0:00   0:00 
Quinton Hughes           0  1  1   1  0   0  1  0  0  0  0/0    20:06   4:02   2:44 
Roman Josi               0  0  0   1  0   1  0  0  0  0  0/0    23:41   3:54   3:14 
Roope Hintz              0  0  0   1  0   1  1  0  0  0  15/21  21:14   3:37   2:30 
Simon Benoit             0  0  0   0  0   0  0  1  0  0  0/0     4:25   0:00   0:00 
Timo Meier               0  0  0   0  0   2  1  0  0  0  0/1    24:44   4:19   0:00 
Tyler Toffoli            0  0  0   0  0   2  0  0  0  0  0/0    17:57   4:19   0:00 

3 Stars

1 - Jordan Binnington (BAN)
2 - Miro Heiskanen (BAN)
3 - Adam Henrique (BAN)

Power Play

SALEM BLACK JAYS - 0 on 3 Attempt(s) - 0,00%
BANFF WOLVES - 0 on 4 Attempt(s) - 0,00%

Penalty Kill

SALEM BLACK JAYS - 4 on 4 Attempt(s) - 100,00% - Score 0 goal in Penalty Kill
BANFF WOLVES - 3 on 3 Attempt(s) - 100,00% - Score 0 goal in Penalty Kill

Team Stat

SALEM BLACK JAYS - Hits : 16 - Faceoff Wins : 34 - Blocked Shots : 11 - Penalty Minutes : 8
BANFF WOLVES - Hits : 8 - Faceoff Wins : 38 - Blocked Shots : 4 - Penalty Minutes : 6

Official

Referees : Justin Kea and Jake Brenk
Linesman : Kyle Flemington and Kyle Larson

Game Notes

Theodor Blueger is injured at 3:12 of 2nd period (Torn Left MCL)

Finance

Level 1 -- Attendance: 6682 (94,78%) -- Ticket Income 835 250 $
Level 2 -- Attendance: 5482 (92,04%) -- Ticket Income 548 200 $
Level 3 -- Attendance: 2340 (100,00%) -- Ticket Income 140 400 $
Level 4 -- Attendance: 4354 (87,08%) -- Ticket Income 195 930 $
Luxury Box -- Attendance: 914 (85,82%) -- Ticket Income 251 350 $
Game was played at the Rocky Mountains Sports Complex.
Total Attendance: 19772 (92,35%)
Total Ticket Income: 1 971 130 $
Other Expense: 19 711 $
Total Income: 1 951 419 $

SALEM BLACK JAYS

5 vs 5 Forward 
   Center                   Left Wing                Right Wing               Time % Phy DF OF 
 1 Dylan Larkin             Barrett Hayton           Mitchell Marner          36     1   2  2  
 2 Martin Necas             Daniel Sprong            Mathew Barzal            31     1   2  2  
 3 Dylan Cozens             Maxime Comtois           Josh Archibald           23     1   2  2  
 4 Theodor Blueger          Maxime Comtois           Josh Archibald           10     1   2  2  

5 vs 5 Defense 
   Defense                  Defense                                           Time % Phy DF OF 
 1 Joshua Morrissey         Nick Jensen                                       36     1   2  2  
 2 Cody Ceci                Scott Mayfield                                    31     1   2  2  
 3 Matt Benning             Colin Miller                                      23     1   2  2  
 4 Josh Brown               Marcus Bjork                                      10     1   2  2  

PowerPlay Forward 
   Center                   Left Wing                Right Wing               Time % Phy DF OF 
 1 Dylan Larkin             Barrett Hayton           Mitchell Marner          55     1   2  2  
 2 Martin Necas             Daniel Sprong            Mathew Barzal            45     1   2  2  

PowerPlay Defense
   Defense                  Defense                                           Time % Phy DF OF 
 1 Joshua Morrissey         Nick Jensen                                       55     1   2  2  
 2 Cody Ceci                Scott Mayfield                                    45     1   2  2  

Penalty Kill 4 Players Forward 
   Center                   Wing                     Time % Phy DF OF 
 1 Mitchell Marner          Dylan Larkin             55     1   2  2  
 2 Martin Necas             Mathew Barzal            45     1   2  2  

Penalty Kill 4 Players Defense
   Defense                  Defense                  Time % Phy DF OF 
 1 Joshua Morrissey         Nick Jensen              55     1   2  2  
 2 Cody Ceci                Scott Mayfield           45     1   2  2  

Penalty Kill - 3 Players Forward 
   Forward                                           Time % Phy DF OF 
 1 Mitchell Marner                                   55     1   2  2  
 2 Dylan Larkin                                      45     1   2  2  

Penalty Kill - 3 Players Defense
   Defense                  Defense                  Time % Phy DF OF 
 1 Joshua Morrissey         Nick Jensen              55     1   2  2  
 2 Cody Ceci                Scott Mayfield           45     1   2  2  

4 vs 4 Forward 
   Center                   Wing                     Time % Phy DF OF 
 1 Mitchell Marner          Dylan Larkin             55     1   2  2  
 2 Martin Necas             Mathew Barzal            45     1   2  2  

4 vs 4 Defense
   Defense                  Defense                  Time % Phy DF OF 
 1 Joshua Morrissey         Nick Jensen              55     1   2  2  
 2 Cody Ceci                Scott Mayfield           45     1   2  2  

Last Minutes Offensive
   Center                   Left Wing                Right Wing               Defense                  Defense                  
   Dylan Larkin             Barrett Hayton           Mitchell Marner          Joshua Morrissey         Nick Jensen              

Last Minutes Defensive
   Center                   Left Wing                Right Wing               Defense                  Defense                  
   Dylan Larkin             Barrett Hayton           Mitchell Marner          Joshua Morrissey         Nick Jensen              

Goaltenders
Starting : Juuse Saros              
Backup : Anthony Stolarz          

Extra Forwards
Normal : Dylan Cozens, Theodor Blueger, Maxime Comtois - PP : Dylan Cozens, Theodor Blueger - PK : Maxime Comtois
Extra Defensemen
Normal : Matt Benning, Colin Miller, Josh Brown - PP : Matt Benning - PK : Colin Miller, Josh Brown
Penalty Shots
Mitchell Marner, Dylan Larkin, Martin Necas, Mathew Barzal, Dylan Cozens
Custom OT Lines Forwards
Mitchell Marner, Dylan Larkin, Martin Necas, Mathew Barzal, Dylan Cozens, Theodor Blueger, Barrett Hayton, Daniel Sprong, Maxime Comtois, Josh Archibald
Custom OT Lines Defensemen
Joshua Morrissey, Nick Jensen, Cody Ceci, Scott Mayfield, Matt Benning

Scratches
Derek Grant (Left Leg Injury), Filip Chytil (Dislocated Patella Injury), Mikko Rantanen (Suspend)

BANFF WOLVES

5 vs 5 Forward 
   Center                   Left Wing                Right Wing               Time % Phy DF OF 
 1 Roope Hintz              Artemi Panarin           Mats Zuccarello          36     0   5  0  
 2 Joel Eriksson Ek         Tyler Toffoli            Timo Meier               31     0   5  0  
 3 Mikael Backlund          Adam Henrique            Mats Zuccarello          23     0   5  0  
 4 Eric Staal               Jason Dickinson          Timo Meier               10     0   5  0  

5 vs 5 Defense 
   Defense                  Defense                                           Time % Phy DF OF 
 1 Roman Josi               Miro Heiskanen                                    36     0   5  0  
 2 Quinton Hughes           Cam Fowler                                        31     0   5  0  
 3 Nick Leddy               Ian Cole                                          23     0   5  0  
 4 Marc Staal               Simon Benoit                                      10     0   5  0  

PowerPlay Forward 
   Center                   Left Wing                Right Wing               Time % Phy DF OF 
 1 Roope Hintz              Artemi Panarin           Mats Zuccarello          55     0   0  5  
 2 Joel Eriksson Ek         Tyler Toffoli            Timo Meier               45     0   0  5  

PowerPlay Defense
   Defense                  Defense                                           Time % Phy DF OF 
 1 Roman Josi               Miro Heiskanen                                    55     0   0  5  
 2 Quinton Hughes           Cam Fowler                                        45     0   0  5  

Penalty Kill 4 Players Forward 
   Center                   Wing                     Time % Phy DF OF 
 1 Artemi Panarin           Mats Zuccarello          55     0   5  0  
 2 Roope Hintz              Joel Eriksson Ek         45     0   5  0  

Penalty Kill 4 Players Defense
   Defense                  Defense                  Time % Phy DF OF 
 1 Roman Josi               Miro Heiskanen           55     0   5  0  
 2 Quinton Hughes           Cam Fowler               45     0   5  0  

Penalty Kill - 3 Players Forward 
   Forward                                           Time % Phy DF OF 
 1 Artemi Panarin                                    55     0   5  0  
 2 Mats Zuccarello                                   45     0   5  0  

Penalty Kill - 3 Players Defense
   Defense                  Defense                  Time % Phy DF OF 
 1 Roman Josi               Miro Heiskanen           55     0   5  0  
 2 Quinton Hughes           Cam Fowler               45     0   5  0  

4 vs 4 Forward 
   Center                   Wing                     Time % Phy DF OF 
 1 Artemi Panarin           Mats Zuccarello          55     0   5  0  
 2 Roope Hintz              Joel Eriksson Ek         45     0   5  0  

4 vs 4 Defense
   Defense                  Defense                  Time % Phy DF OF 
 1 Roman Josi               Miro Heiskanen           55     0   5  0  
 2 Quinton Hughes           Cam Fowler               45     0   5  0  

Last Minutes Offensive
   Center                   Left Wing                Right Wing               Defense                  Defense                  
   Roope Hintz              Artemi Panarin           Mats Zuccarello          Roman Josi               Miro Heiskanen           

Last Minutes Defensive
   Center                   Left Wing                Right Wing               Defense                  Defense                  
   Roope Hintz              Artemi Panarin           Mats Zuccarello          Roman Josi               Miro Heiskanen           

Goaltenders
Starting : Jordan Binnington        
Backup : Joey Daccord             

Extra Forwards
Normal : Eric Staal, Mikael Backlund, Adam Henrique - PP : Eric Staal, Mikael Backlund - PK : Adam Henrique
Extra Defensemen
Normal : Nick Leddy, Ian Cole, Marc Staal - PP : Nick Leddy - PK : Ian Cole, Marc Staal
Penalty Shots
Artemi Panarin, Mats Zuccarello, Roope Hintz, Joel Eriksson Ek, Mikael Backlund
Custom OT Lines Forwards
Artemi Panarin, Mats Zuccarello, Roope Hintz, Joel Eriksson Ek, Mikael Backlund, Tyler Toffoli, Adam Henrique, Timo Meier, Jason Dickinson, Eric Staal
Custom OT Lines Defensemen
Roman Josi, Miro Heiskanen, Quinton Hughes, Cam Fowler, Nick Leddy

Scratches
Adam Erne (Healthy), Elias Lindholm (Suspend), Nick Bonino (Sprained Right Ankle Injury)

% Time on Ice - SALEM BLACK JAYS

Lines # - Real PCT - Wanted PCT - Time Play
Normal Forward
1 - 36% - 36% - 16:29
2 - 30% - 31% - 13:41
3 - 24% - 23% - 10:59
4 - 11% - 10% - 4:57
Normal Defense
1 - 32% - 36% - 14:52
2 - 26% - 31% - 11:51
3 - 27% - 23% - 12:39
4 - 15% - 10% - 6:44
PP Forward
1 - 49% - 55% - 2:56
2 - 51% - 45% - 3:02
PP Defense
1 - 56% - 55% - 3:21
2 - 44% - 45% - 2:37
PK Forward
1 - 54% - 55% - 4:18
2 - 46% - 45% - 3:38
PK Defense
1 - 43% - 55% - 3:26
2 - 57% - 45% - 4:30
PK3 Forward
1 - 0% - 55%
2 - 0% - 45%
PK3 Defense
1 - 0% - 55%
2 - 0% - 45%
44 Forward
1 - 0% - 55%
2 - 0% - 45%
44 Defense
1 - 0% - 55%
2 - 0% - 45%
Last Minute Offensive  - 0:00
Last Minute Defensive  - 0:00
Total
Forward - 60:00
Defense - 60:00

% Time on Ice - BANFF WOLVES

Lines # - Real PCT - Wanted PCT - Time Play
Normal Forward
1 - 33% - 36% - 15:07
2 - 29% - 31% - 13:18
3 - 23% - 23% - 10:28
4 - 16% - 10% - 7:13
Normal Defense
1 - 36% - 36% - 16:33
2 - 29% - 31% - 13:20
3 - 26% - 23% - 11:48
4 - 10% - 10% - 4:25
PP Forward
1 - 46% - 55% - 3:37
2 - 54% - 45% - 4:19
PP Defense
1 - 49% - 55% - 3:54
2 - 51% - 45% - 4:02
PK Forward
1 - 59% - 55% - 3:31
2 - 41% - 45% - 2:27
PK Defense
1 - 54% - 55% - 3:14
2 - 46% - 45% - 2:44
PK3 Forward
1 - 0% - 55%
2 - 0% - 45%
PK3 Defense
1 - 0% - 55%
2 - 0% - 45%
44 Forward
1 - 0% - 55%
2 - 0% - 45%
44 Defense
1 - 0% - 55%
2 - 0% - 45%
Last Minute Offensive  - 0:00
Last Minute Defensive  - 0:00
Total
Forward - 60:00
Defense - 60:00

Play-by-Play

1st period


0:01 of 1st period - Dylan Larkin wins face-off versus Roope Hintz in neutral zone.
0:28 of 1st period - Shot by Dylan Larkin.
0:28 of 1st period - Deflect By Mitchell Marner.
0:28 of 1st period - Shot Misses the Net.
0:39 of 1st period - Icing by Joshua Morrissey.
0:40 of 1st period - Joel Eriksson Ek wins face-off versus Dylan Larkin in SALEM BLACK JAYS zone.
1:28 of 1st period - Shot by Mathew Barzal.
1:28 of 1st period - Shot Blocked by Joel Eriksson Ek.
2:12 of 1st period - Shot by Maxime Comtois.
2:12 of 1st period - Stopped by Jordan Binnington without a rebound.
2:13 of 1st period - Roope Hintz wins face-off versus Theodor Blueger in BANFF WOLVES zone.
2:19 of 1st period - Icing by Simon Benoit.
2:20 of 1st period - Roope Hintz wins face-off versus Dylan Larkin in BANFF WOLVES zone.
2:20 of 1st period - Roope Hintz is hit by Barrett Hayton.
2:31 of 1st period - Marc Staal is hit by Dylan Larkin and loses puck.
3:34 of 1st period - Minor Penalty to Josh Archibald for Hooking.
3:35 of 1st period - Mitchell Marner wins face-off versus Joel Eriksson Ek in SALEM BLACK JAYS zone.
3:48 of 1st period - Mathew Barzal is hit by Timo Meier.
4:10 of 1st period - Shot by Joel Eriksson Ek.
4:10 of 1st period - Shot Misses the Net.
4:23 of 1st period - Icing by Roman Josi.
4:24 of 1st period - Mitchell Marner wins face-off versus Joel Eriksson Ek in BANFF WOLVES zone.
4:55 of 1st period - Icing by Cam Fowler.
4:56 of 1st period - Mitchell Marner wins face-off versus Roope Hintz in BANFF WOLVES zone.
5:42 of 1st period - Shot by Timo Meier.
5:42 of 1st period - Stopped by Juuse Saros without a rebound.
5:43 of 1st period - Dylan Cozens wins face-off versus Eric Staal in SALEM BLACK JAYS zone.
7:18 of 1st period - Shot by Martin Necas.
7:18 of 1st period - Deflect By Mathew Barzal.
7:18 of 1st period - Stopped by Jordan Binnington with a rebound.
7:20 of 1st period - Shot by Mathew Barzal.
7:20 of 1st period - Stopped by Jordan Binnington without a rebound.
7:21 of 1st period - Dylan Larkin wins face-off versus Joel Eriksson Ek in BANFF WOLVES zone.
7:38 of 1st period - Shot by Timo Meier.
7:38 of 1st period - Deflect By Joel Eriksson Ek.
7:38 of 1st period - Stopped by Juuse Saros without a rebound.
7:39 of 1st period - Roope Hintz wins face-off versus Martin Necas in SALEM BLACK JAYS zone.
7:58 of 1st period - Artemi Panarin is hit by Marcus Bjork and loses puck.
8:21 of 1st period - Shot by Miro Heiskanen.
8:21 of 1st period - Goal by Miro Heiskanen - SALEM BLACK JAYS : 0 - BANFF WOLVES : 1.
8:22 of 1st period - Dylan Larkin wins face-off versus Joel Eriksson Ek in neutral zone.
8:55 of 1st period - Shot by Timo Meier.
8:55 of 1st period - Shot Blocked by Scott Mayfield.
8:57 of 1st period - Shot by Timo Meier.
8:57 of 1st period - Shot Misses the Net.
10:04 of 1st period - Icing by Scott Mayfield.
10:05 of 1st period - Jason Dickinson wins face-off versus Mitchell Marner in SALEM BLACK JAYS zone.
10:12 of 1st period - Shot by Timo Meier.
10:12 of 1st period - Shot Blocked by Cody Ceci.
10:14 of 1st period - Shot by Jason Dickinson.
10:14 of 1st period - Stopped by Juuse Saros without a rebound.
10:15 of 1st period - Joel Eriksson Ek wins face-off versus Martin Necas in SALEM BLACK JAYS zone.
10:18 of 1st period - Shot by Tyler Toffoli.
10:18 of 1st period - Shot Misses the Net.
11:38 of 1st period - Shot by Mats Zuccarello.
11:38 of 1st period - Shot Blocked by Colin Miller.
11:40 of 1st period - Shot by Quinton Hughes.
11:40 of 1st period - Shot Misses the Net.
11:42 of 1st period - Shot by Artemi Panarin.
11:42 of 1st period - Stopped by Juuse Saros without a rebound.
11:43 of 1st period - Eric Staal wins face-off versus Dylan Cozens in SALEM BLACK JAYS zone.
12:17 of 1st period - Mikael Backlund is hit by Josh Brown and loses puck.
12:24 of 1st period - Shot by Adam Henrique.
12:24 of 1st period - Stopped by Juuse Saros without a rebound.
12:25 of 1st period - Dylan Larkin wins face-off versus Roope Hintz in SALEM BLACK JAYS zone.
12:49 of 1st period - Shot by Mats Zuccarello.
12:49 of 1st period - Shot Blocked by Matt Benning.
12:58 of 1st period - Shot by Roope Hintz.
12:58 of 1st period - Stopped by Juuse Saros without a rebound.
12:59 of 1st period - Joel Eriksson Ek wins face-off versus Martin Necas in SALEM BLACK JAYS zone.
13:10 of 1st period - Shot by Joel Eriksson Ek.
13:10 of 1st period - Stopped by Juuse Saros without a rebound.
13:11 of 1st period - Theodor Blueger wins face-off versus Eric Staal in SALEM BLACK JAYS zone.
13:13 of 1st period - Icing by Nick Jensen.
13:14 of 1st period - Theodor Blueger wins face-off versus Joel Eriksson Ek in SALEM BLACK JAYS zone.
13:18 of 1st period - Icing by Theodor Blueger.
13:19 of 1st period - Theodor Blueger wins face-off versus Roope Hintz in SALEM BLACK JAYS zone.
13:19 of 1st period - Theodor Blueger is hit by Roope Hintz.
14:10 of 1st period - Icing by Joshua Morrissey.
14:11 of 1st period - Theodor Blueger wins face-off versus Joel Eriksson Ek in SALEM BLACK JAYS zone.
14:28 of 1st period - Shot by Joel Eriksson Ek.
14:28 of 1st period - Shot Misses the Net.
14:52 of 1st period - Roman Josi is hit by Mathew Barzal and loses puck.
15:42 of 1st period - Shot by Barrett Hayton.
15:42 of 1st period - Shot Misses the Net.
16:09 of 1st period - Icing by Marcus Bjork.
16:10 of 1st period - Artemi Panarin wins face-off versus Dylan Cozens in SALEM BLACK JAYS zone.
17:35 of 1st period - Shot by Mikael Backlund.
17:35 of 1st period - Stopped by Juuse Saros without a rebound.
17:36 of 1st period - Mikael Backlund wins face-off versus Martin Necas in SALEM BLACK JAYS zone.
17:37 of 1st period - Shot by Mats Zuccarello.
17:37 of 1st period - Stopped by Juuse Saros without a rebound.
17:38 of 1st period - Roope Hintz wins face-off versus Martin Necas in SALEM BLACK JAYS zone.
18:42 of 1st period - Shot by Timo Meier.
18:42 of 1st period - Deflect By Eric Staal.
18:42 of 1st period - Stopped by Juuse Saros without a rebound.
18:43 of 1st period - Joel Eriksson Ek wins face-off versus Dylan Larkin in SALEM BLACK JAYS zone.
18:43 of 1st period - Timo Meier is hit by Colin Miller and loses puck.
19:00 of 1st period - Shot by Mitchell Marner.
19:00 of 1st period - Stopped by Jordan Binnington without a rebound.
19:01 of 1st period - Mikael Backlund wins face-off versus Dylan Larkin in BANFF WOLVES zone.
19:21 of 1st period - Shot by Dylan Larkin.
19:21 of 1st period - Shot Misses the Net.
19:23 of 1st period - Shot by Cody Ceci.
19:23 of 1st period - Stopped by Jordan Binnington without a rebound.
19:24 of 1st period - Joel Eriksson Ek wins face-off versus Martin Necas in BANFF WOLVES zone.
19:24 of 1st period - Joel Eriksson Ek is hit by Mathew Barzal.
Goals for this period are 0 for SALEM BLACK JAYS vs 1 for BANFF WOLVES.
Shots for this period are 5 for SALEM BLACK JAYS vs 11 for BANFF WOLVES.

2nd period


0:01 of 2nd period - Dylan Larkin wins face-off versus Mats Zuccarello in neutral zone.
1:25 of 2nd period - Shot by Mathew Barzal.
1:25 of 2nd period - Shot Misses the Net.
2:17 of 2nd period - Shot by Maxime Comtois.
2:17 of 2nd period - Stopped by Jordan Binnington without a rebound.
2:18 of 2nd period - Dylan Larkin wins face-off versus Joel Eriksson Ek in BANFF WOLVES zone.
2:39 of 2nd period - Shot by Joel Eriksson Ek.
2:39 of 2nd period - Stopped by Juuse Saros without a rebound.
2:40 of 2nd period - Mikael Backlund wins face-off versus Martin Necas in SALEM BLACK JAYS zone.
2:41 of 2nd period - Shot by Quinton Hughes.
2:41 of 2nd period - Shot Blocked by Martin Necas.
2:43 of 2nd period - Shot by Adam Henrique.
2:43 of 2nd period - Goal by Adam Henrique - SALEM BLACK JAYS : 0 - BANFF WOLVES : 2.
2:44 of 2nd period - Dylan Larkin wins face-off versus Mikael Backlund in neutral zone.
2:51 of 2nd period - Shot by Mitchell Marner.
2:51 of 2nd period - Stopped by Jordan Binnington without a rebound.
2:52 of 2nd period - Mikael Backlund wins face-off versus Theodor Blueger in BANFF WOLVES zone.
2:54 of 2nd period - Icing by Mats Zuccarello.
2:55 of 2nd period - Theodor Blueger wins face-off versus Mikael Backlund in BANFF WOLVES zone.
3:12 of 2nd period - Shot by Adam Henrique.
3:12 of 2nd period - Shot Blocked by Theodor Blueger.
3:12 of 2nd period - Theodor Blueger from SALEM BLACK JAYS is injured at 3:12 of 2nd period (Torn Left MCL).
3:13 of 2nd period - Dylan Larkin wins face-off versus Joel Eriksson Ek in SALEM BLACK JAYS zone.
3:32 of 2nd period - Shot by Dylan Larkin.
3:32 of 2nd period - Shot Misses the Net.
3:34 of 2nd period - Shot by Dylan Larkin.
3:34 of 2nd period - Shot Hit the Post.
3:36 of 2nd period - Shot by Mitchell Marner.
3:36 of 2nd period - Shot Misses the Net.
3:38 of 2nd period - Shot by Dylan Larkin.
3:38 of 2nd period - Shot Misses the Net.
3:40 of 2nd period - Shot by Mitchell Marner.
3:40 of 2nd period - Shot Blocked by Joel Eriksson Ek.
3:46 of 2nd period - Shot by Barrett Hayton.
3:46 of 2nd period - Stopped by Jordan Binnington without a rebound.
3:47 of 2nd period - Roope Hintz wins face-off versus Martin Necas in BANFF WOLVES zone.
4:01 of 2nd period - Shot by Roope Hintz.
4:01 of 2nd period - Shot Blocked by Cody Ceci.
5:00 of 2nd period - Shot by Timo Meier.
5:00 of 2nd period - Shot Blocked by Matt Benning.
5:02 of 2nd period - Shot by Nick Leddy.
5:02 of 2nd period - Stopped by Juuse Saros without a rebound.
5:03 of 2nd period - Dylan Larkin wins face-off versus Jason Dickinson in SALEM BLACK JAYS zone.
5:12 of 2nd period - Shot by Timo Meier.
5:12 of 2nd period - Shot Blocked by Nick Jensen.
5:14 of 2nd period - Shot by Timo Meier.
5:14 of 2nd period - Deflect By Jason Dickinson.
5:14 of 2nd period - Stopped by Juuse Saros without a rebound.
5:15 of 2nd period - Joel Eriksson Ek wins face-off versus Dylan Cozens in SALEM BLACK JAYS zone.
5:16 of 2nd period - Shot by Tyler Toffoli.
5:16 of 2nd period - Stopped by Juuse Saros without a rebound.
5:17 of 2nd period - Mikael Backlund wins face-off versus Josh Archibald in SALEM BLACK JAYS zone.
5:17 of 2nd period - Mats Zuccarello is hit by Matt Benning and loses puck.
5:46 of 2nd period - Dylan Cozens is hit by Quinton Hughes.
6:26 of 2nd period - Icing by Ian Cole.
6:27 of 2nd period - Barrett Hayton wins face-off versus Joel Eriksson Ek in BANFF WOLVES zone.
6:31 of 2nd period - Minor Penalty to Nick Leddy for Holding.
6:32 of 2nd period - Dylan Larkin wins face-off versus Artemi Panarin in BANFF WOLVES zone.
6:35 of 2nd period - Shot by Mitchell Marner.
6:35 of 2nd period - Shot Misses the Net.
6:37 of 2nd period - Shot by Dylan Larkin.
6:37 of 2nd period - Deflect By Mitchell Marner.
6:37 of 2nd period - Shot Misses the Net.
6:39 of 2nd period - Shot by Barrett Hayton.
6:39 of 2nd period - Stopped by Jordan Binnington with a rebound.
7:58 of 2nd period - Shot by Martin Necas.
7:58 of 2nd period - Shot Misses the Net.
8:00 of 2nd period - Shot by Martin Necas.
8:00 of 2nd period - Stopped by Jordan Binnington without a rebound.
8:01 of 2nd period - Dylan Larkin wins face-off versus Artemi Panarin in BANFF WOLVES zone.
8:20 of 2nd period - Shot by Dylan Larkin.
8:20 of 2nd period - Stopped by Jordan Binnington without a rebound.
8:21 of 2nd period - Martin Necas wins face-off versus Roope Hintz in BANFF WOLVES zone.
9:07 of 2nd period - Shot by Eric Staal.
9:07 of 2nd period - Stopped by Juuse Saros without a rebound.
9:08 of 2nd period - Roope Hintz wins face-off versus Dylan Larkin in SALEM BLACK JAYS zone.
10:10 of 2nd period - Mats Zuccarello is hit by Martin Necas and loses puck.
10:32 of 2nd period - Icing by Mathew Barzal.
10:33 of 2nd period - Joel Eriksson Ek wins face-off versus Martin Necas in SALEM BLACK JAYS zone.
10:33 of 2nd period - Joel Eriksson Ek is hit by Joshua Morrissey.
10:36 of 2nd period - Timo Meier is hit by Nick Jensen and loses puck.
10:56 of 2nd period - Mathew Barzal is hit by Cam Fowler.
11:29 of 2nd period - Icing by Matt Benning.
11:30 of 2nd period - Eric Staal wins face-off versus Dylan Cozens in SALEM BLACK JAYS zone.
11:32 of 2nd period - Jason Dickinson is hit by Colin Miller.
11:34 of 2nd period - Shot by Timo Meier.
11:34 of 2nd period - Shot Misses the Net.
13:02 of 2nd period - Icing by Matt Benning.
13:03 of 2nd period - Joel Eriksson Ek wins face-off versus Dylan Cozens in SALEM BLACK JAYS zone.
14:01 of 2nd period - Artemi Panarin is hit by Matt Benning and loses puck.
14:20 of 2nd period - Shot by Artemi Panarin.
14:20 of 2nd period - Stopped by Juuse Saros without a rebound.
14:21 of 2nd period - Dylan Larkin wins face-off versus Mikael Backlund in SALEM BLACK JAYS zone.
15:51 of 2nd period - Joshua Morrissey is hit by Mats Zuccarello and loses puck.
17:31 of 2nd period - Shot by Martin Necas.
17:31 of 2nd period - Shot Blocked by Simon Benoit.
19:12 of 2nd period - Shot by Dylan Larkin.
19:12 of 2nd period - Deflect By Mitchell Marner.
19:12 of 2nd period - Stopped by Jordan Binnington without a rebound.
19:13 of 2nd period - Dylan Larkin wins face-off versus Mikael Backlund in BANFF WOLVES zone.
19:14 of 2nd period - Shot by Joshua Morrissey.
19:14 of 2nd period - Stopped by Jordan Binnington without a rebound.
19:15 of 2nd period - Dylan Larkin wins face-off versus Mikael Backlund in BANFF WOLVES zone.
19:35 of 2nd period - Off-side.
19:36 of 2nd period - Dylan Larkin wins face-off versus Roope Hintz in neutral zone.
Goals for this period are 0 for SALEM BLACK JAYS vs 1 for BANFF WOLVES.
Shots for this period are 8 for SALEM BLACK JAYS vs 7 for BANFF WOLVES.

3rd period


0:01 of 3rd period - Roope Hintz wins face-off versus Dylan Larkin in neutral zone.
1:10 of 3rd period - Shot by Joel Eriksson Ek.
1:10 of 3rd period - Shot Misses the Net.
1:12 of 3rd period - Shot by Tyler Toffoli.
1:12 of 3rd period - Stopped by Juuse Saros without a rebound.
1:13 of 3rd period - Eric Staal wins face-off versus Martin Necas in SALEM BLACK JAYS zone.
1:25 of 3rd period - Double Minor Penalty to Jason Dickinson for Roughing.
1:26 of 3rd period - Martin Necas wins face-off versus Artemi Panarin in BANFF WOLVES zone.
1:46 of 3rd period - Shot by Joshua Morrissey.
1:46 of 3rd period - Stopped by Jordan Binnington with a rebound.
1:48 of 3rd period - Shot by Joshua Morrissey.
1:48 of 3rd period - Shot Misses the Net.
1:50 of 3rd period - Shot by Mathew Barzal.
1:50 of 3rd period - Stopped by Jordan Binnington without a rebound.
1:51 of 3rd period - Roope Hintz wins face-off versus Dylan Larkin in BANFF WOLVES zone.
3:57 of 3rd period - Off-side.
3:58 of 3rd period - Artemi Panarin wins face-off versus Martin Necas in neutral zone.
4:24 of 3rd period - Icing by Cody Ceci.
4:25 of 3rd period - Artemi Panarin wins face-off versus Martin Necas in SALEM BLACK JAYS zone.
4:52 of 3rd period - Shot by Mitchell Marner.
4:52 of 3rd period - Stopped by Jordan Binnington without a rebound.
4:53 of 3rd period - Roope Hintz wins face-off versus Dylan Larkin in BANFF WOLVES zone.
5:10 of 3rd period - Shot by Joshua Morrissey.
5:10 of 3rd period - Stopped by Jordan Binnington without a rebound.
5:11 of 3rd period - Roope Hintz wins face-off versus Martin Necas in BANFF WOLVES zone.
6:31 of 3rd period - Icing by Miro Heiskanen.
6:32 of 3rd period - Dylan Larkin wins face-off versus Mikael Backlund in BANFF WOLVES zone.
6:33 of 3rd period - Shot by Barrett Hayton.
6:33 of 3rd period - Stopped by Jordan Binnington with a rebound.
6:37 of 3rd period - Shot by Mitchell Marner.
6:37 of 3rd period - Stopped by Jordan Binnington without a rebound.
6:38 of 3rd period - Dylan Larkin wins face-off versus Artemi Panarin in BANFF WOLVES zone.
7:40 of 3rd period - Nick Jensen is hit by Joel Eriksson Ek.
8:45 of 3rd period - Icing by Adam Henrique.
8:46 of 3rd period - Dylan Cozens wins face-off versus Mikael Backlund in BANFF WOLVES zone.
8:47 of 3rd period - Shot by Josh Archibald.
8:47 of 3rd period - Deflect By Dylan Cozens.
8:47 of 3rd period - Shot Blocked by Ian Cole.
9:44 of 3rd period - Minor Penalty to Martin Necas for Cross-checking.
9:45 of 3rd period - Mitchell Marner wins face-off versus Timo Meier in SALEM BLACK JAYS zone.
10:13 of 3rd period - Icing by Cam Fowler.
10:14 of 3rd period - Dylan Larkin wins face-off versus Joel Eriksson Ek in BANFF WOLVES zone.
10:31 of 3rd period - Shot by Quinton Hughes.
10:31 of 3rd period - Shot Misses the Net.
10:33 of 3rd period - Shot by Cam Fowler.
10:33 of 3rd period - Stopped by Juuse Saros without a rebound.
10:34 of 3rd period - Mats Zuccarello wins face-off versus Mitchell Marner in SALEM BLACK JAYS zone.
10:38 of 3rd period - Shot by Miro Heiskanen.
10:38 of 3rd period - Stopped by Juuse Saros without a rebound.
10:39 of 3rd period - Roope Hintz wins face-off versus Mitchell Marner in SALEM BLACK JAYS zone.
12:00 of 3rd period - Shot by Timo Meier.
12:00 of 3rd period - Stopped by Juuse Saros without a rebound.
12:01 of 3rd period - Maxime Comtois wins face-off versus Joel Eriksson Ek in SALEM BLACK JAYS zone.
12:06 of 3rd period - Shot by Dylan Cozens.
12:06 of 3rd period - Shot Misses the Net.
12:17 of 3rd period - Joel Eriksson Ek is hit by Scott Mayfield and loses puck.
12:19 of 3rd period - Minor Penalty to Cody Ceci for Hooking.
12:20 of 3rd period - Roope Hintz wins face-off versus Mitchell Marner in SALEM BLACK JAYS zone.
12:36 of 3rd period - Icing by Mats Zuccarello.
12:37 of 3rd period - Roope Hintz wins face-off versus Mitchell Marner in BANFF WOLVES zone.
12:42 of 3rd period - Dylan Larkin is hit by Artemi Panarin and loses puck.
12:47 of 3rd period - Shot by Mats Zuccarello.
12:47 of 3rd period - Stopped by Juuse Saros without a rebound.
12:48 of 3rd period - Mitchell Marner wins face-off versus Joel Eriksson Ek in SALEM BLACK JAYS zone.
12:59 of 3rd period - Shot by Joel Eriksson Ek.
12:59 of 3rd period - Stopped by Juuse Saros without a rebound.
13:00 of 3rd period - Roope Hintz wins face-off versus Mitchell Marner in SALEM BLACK JAYS zone.
13:31 of 3rd period - Shot by Roman Josi.
13:31 of 3rd period - Deflect By Roope Hintz.
13:31 of 3rd period - Shot Misses the Net.
13:33 of 3rd period - Shot by Roman Josi.
13:33 of 3rd period - Stopped by Juuse Saros without a rebound.
13:34 of 3rd period - Joel Eriksson Ek wins face-off versus Martin Necas in SALEM BLACK JAYS zone.
14:05 of 3rd period - Shot by Joel Eriksson Ek.
14:05 of 3rd period - Shot Misses the Net.
14:07 of 3rd period - Shot by Quinton Hughes.
14:07 of 3rd period - Shot Blocked by Colin Miller.
14:09 of 3rd period - Shot by Joel Eriksson Ek.
14:09 of 3rd period - Shot Misses the Net.
14:43 of 3rd period - Minor Penalty to Nick Jensen for Hooking.
14:44 of 3rd period - Roope Hintz wins face-off versus Mitchell Marner in SALEM BLACK JAYS zone.
15:37 of 3rd period - Icing by Cam Fowler.
15:38 of 3rd period - Joel Eriksson Ek wins face-off versus Martin Necas in BANFF WOLVES zone.
15:45 of 3rd period - Shot by Quinton Hughes.
15:45 of 3rd period - Shot Misses the Net.
15:50 of 3rd period - Shot by Quinton Hughes.
15:50 of 3rd period - Shot Blocked by Cody Ceci.
16:18 of 3rd period - Shot by Tyler Toffoli.
16:18 of 3rd period - Shot Misses the Net.
17:02 of 3rd period - Shot by Maxime Comtois.
17:02 of 3rd period - Shot Misses the Net.
17:40 of 3rd period - Roman Josi is hit by Josh Archibald and loses puck.
18:29 of 3rd period - Shot by Mitchell Marner.
18:29 of 3rd period - Shot Misses the Net.
18:31 of 3rd period - Shot by Mitchell Marner.
18:31 of 3rd period - Shot Misses the Net.
18:33 of 3rd period - Shot by Joshua Morrissey.
18:33 of 3rd period - Shot Misses the Net.
19:22 of 3rd period - Quinton Hughes is hit by Martin Necas and loses puck.
19:52 of 3rd period - Dylan Larkin is hit by Ian Cole and loses puck.
Goals for this period are 0 for SALEM BLACK JAYS vs 0 for BANFF WOLVES.
Shots for this period are 6 for SALEM BLACK JAYS vs 7 for BANFF WOLVES.


BLAKE
WHEELER
STEVEN
STAMKOS
DREW
DOUGHTY

EAST COAST

HOCKEY LEAGUE

  • 63.RHI2PIT5
  • 64.WOR4ATL3
  • 65.QUECHW
  • 66.CHATRV